 Dungeon Crawl Stone Soup version 0.28.0 (webtiles) character file.

Game seed: 12968998450802097338

2 psuckher the Sneak (level 1, -1/18 HPs)
             Began as a Demonspawn Delver on Feb 15, 2022.
             Was an Initiate of Dithmenos.
             Slain by an adder (2 damage)
             ... on level 6 of the Dungeon.
             The game lasted 00:01:45 (157 turns).

psuckher the Sneak (Demonspawn Delver)               Turns: 157, Time: 00:01:46

Health: -1/18      AC:  3    Str: 12    XL:     1   Next: 25%
Magic:  1/1        EV: 11    Int: 11    God:    Dithmenos [......]
Gold:   0          SH:  0    Dex: 14    Spells: 0/0 levels left

rFire   . . .      SeeInvis .   a - +0 hand axe
rCold   . . .      Faith    .   (no shield)
rNeg    . . .      Spirit   .   b - +0 leather armour
rPois   .          Reflect  .   (no helmet)
rElec   .          Harm     .   (no cloak)
rCorr   .          Rampage  .   (no gloves)
Will    .....                   (no boots)
Stlth   +++.......              (no amulet)
HPRegen 0.06/turn               (no ring)
MPRegen 0.07/turn               (no ring)

@: no status effects
A: no striking features
a: Renounce Religion


You were on level 6 of the Dungeon.
You worshipped Dithmenos.
Dithmenos was noncommittal.
You visited 1 branch of the dungeon, and saw 2 of its levels.

Inventory:

Hand Weapons
 a - a +0 hand axe (weapon)
Armour
 b - a +0 leather armour (worn)
Wands
 g - a wand of digging (3)
Scrolls
 c - a scroll of fog
 d - 2 scrolls of magic mapping
Potions
 f - a potion of haste


   Skills:
 + Level 3.0 Fighting
 + Level 1.7 Axes
 + Level 1.7 Dodging
 + Level 4.6 Stealth


You couldn't memorise any spells.
You didn't know any spells.
Your spell library was empty.

Dungeon Overview and Level Annotations

Branches:
Dungeon (6/15)
 Temple: D:4-7

Altars:
Dithmenos
Okawaru


Message History

There is an open door here.
d - 2 scrolls of magic mapping (gained 1)
There is an open door here.
There is an open door here.
There is an open door here.
The sentinel's mark upon you fades away.
You open the door.
A hound comes into view.
A bullfrog zombie comes into view.
There is an open door here.
The hound bites you. The hound closely misses you.
The hound closely misses you.
There is an open door here.
The hound bites you.
You hit the hound but do no damage. The hound bites you.
The hound closely misses you.
You hit the hound but do no damage. The hound bites you.
The hound bites you but does no damage.
You barely miss the hound. The hound bites you.
The hound bites you but does no damage.
You hit the hound.
The hound is lightly wounded.
The hound barely misses you.
You hit the hound.
The hound is moderately wounded.
The hound bites you.
* * * LOW HITPOINT WARNING * * *
The hound barely misses you.
As you read the scroll of fear, it crumbles to dust.
You assume a fearsome visage.
The hound looks frightened!
There is an open door here.
The adder hisses angrily.
The adder misses you. The adder bites you.
* * * LOW HITPOINT WARNING * * *
You hit the adder but do no damage. The adder barely misses you.
You closely miss the adder. The adder barely misses you. The adder bites you.
* * * LOW HITPOINT WARNING * * *
You closely miss the adder. The adder barely misses you.
You closely miss the adder. The adder bites you.
You die...

#.# #. #.# #.# #.####
####.## #....# #.....##
##.##.###.###<.#
#...........##.#
#.####'####.##.##
#.#.^#.#^.#S##..#
#.##^#.#^##@###)#
#.#.^#.#^.#..##.#####.#
#.##^#.#^##....>.......
#.#.^#.#^.#.####......#
#.####'####.# ###...#
#....#.#S...# ..#
####.###....# .#
#........# # #........#


You could see an adder.

Vanquished Creatures
  An orc (D:6)
1 creature vanquished.

Notes
Turn   | Place    | Note
-------+----------+-------------------------------------------
     0 | D:5      | psuckher the Demonspawn Delver began the quest for the Orb.
     0 | D:5      | Reached XP level 1. HP: 18/18 MP: 1/1
    10 | D:5      | Became a worshipper of Dithmenos the Shadowed
    75 | D:6      | Noticed a jelly
    76 | D:6      | Noticed a hound
    77 | D:6      | Noticed a scorpion
   132 | D:6      | Noticed a hound
   157 | D:6      | Slain by an adder

Illustrated notes

Levels and vault maps discovered:
D:5:      layout_cave_pools, worldfamousw_hep_ancestral_shrine,
          nicolae_gozag_seed_capital, nicolae_overflow_hidden_temple
D:6:      lemuel_ice_spiral_2, layout_rooms, temple_hall, grunt_tough_drop

Action                   || total
-------------------------++-------
Melee: Hand axe          ||    14
  Use: Scroll            ||     1
Armor: Leather armour    ||     2
Dodge: Dodged            ||    12
